Map: Ancient Cistern LE

Players

Krystianer

  • Race: Protoss Protoss
  • Spawn Location: 7:00

PtitDrogo - Winner!

  • Race: Protoss Protoss
  • Spawn Location: 1:00

Event: ESL SC2 Masters 2023 Summer (Regionals)

VOD

Have the link to the VOD?

Description

Time

  • Played on: May 4, 2023, 9:47 a.m.
  • Length: 16:44

All games in this series

Show
View Real Time Build Order
Export as new Build Order

Krystianer Protoss 

Build Orders:  

Get SALT Encoding   

  12  0:00  Probe  
  13  0:12  Probe  
  14  0:16  Pylon  
  14  0:24  Probe (Chrono Boost)  
  16  0:36  Probe (Chrono Boost)  
  16  0:37  Gateway  
  16  0:43  Probe (Chrono Boost)  
  16  0:45  Assimilator  
  17  0:50  Probe  
  17  0:54  Assimilator  
  18  1:03  Probe (Chrono Boost)  
  19  1:05  Pylon  
  20  1:12  Probe (Chrono Boost)  
  20  1:18  Probe (Chrono Boost), Gateway  
  21  1:26  Cybernetics Core  
  21  1:30  Probe  
  22  1:37  Pylon  
  22  1:46  Probe  
  23  1:58  Probe  
  24  2:02  Warp Gate (Chrono Boost)  
  24  2:04  Adept  
  24  2:05  Adept  
  28  2:10  Probe  
  28  2:15  Pylon  
  29  2:22  Probe  
  30  2:34  Adept  
  30  2:35  Adept  
  33  2:48  Probe  
  34  3:00  Nexus  
  34  3:04  Adept  
  36  3:06  Adept  
  38  3:15  Probe  
  38  3:16  Pylon  
  39  3:27  Robotics Facility  
  39  3:34  Probe (Chrono Boost)  
  40  3:44  Adept x2  
  40  3:46  Probe (Chrono Boost)  
  45  3:51  Probe (Chrono Boost)  
  46  3:55  Shield Battery  
  46  4:04  Shield Battery  
  46  4:09  Probe (Chrono Boost)  
  45  4:14  Probe (Chrono Boost)  
  45  4:19  Sentry x2  
  45  4:21  Probe (Chrono Boost)  
  45  4:24  Observer  
  52  4:25  Probe (Chrono Boost)  
  52  4:28  Probe (Chrono Boost)  
  52  4:30  Probe (Chrono Boost)  
  53  4:35  Probe  
  54  4:39  Shield Battery  
  54  4:40  Probe  
  53  4:47  Probe  
  53  4:52  Probe  
  55  4:54  Shield Battery  
  55  4:57  Stalker x2  
  55  4:59  Probe  
  59  5:04  Probe  
  60  5:08  Pylon  
  60  5:15  Twilight Council  
  60  5:19  Probe  
  61  5:24  Immortal (Chrono Boost)  
  65  5:30  Stalker x2  
  65  5:32  Probe  
  70  5:37  Probe  
  63  5:44  Probe  
  63  5:49  Probe, Blink (Chrono Boost)  
  59  5:53  Stalker x2  
  59  5:56  Probe  
  64  6:02  Probe  
  65  6:11  Pylon  
  65  6:14  Probe, Nexus  
  65  6:16  Probe  
  67  6:22  Stalker  
  69  6:28  Pylon  
  69  6:29  Stalker  
  71  6:33  Probe  
  71  6:34  Probe  
  71  6:39  Forge  
  73  6:45  Probe  
  74  6:47  Pylon, Stalker  
  74  6:49  Probe  
  77  6:57  Probe  
  77  7:00  Stalker  
  77  7:01  Probe, Shield Battery  
  81  7:09  Probe  
  81  7:13  Probe  
  81  7:15  Stalker  
  85  7:21  Probe  
  85  7:23  Stalker  
  85  7:26  Probe x2 (Chrono Boost)  
  87  7:31  Protoss Ground Weapons Level 1 (Chrono Boost)  
  87  7:38  Probe x2 (Chrono Boost), Stalker  
  87  7:43  Probe (Chrono Boost)  
  89  7:45  Probe (Chrono Boost), Charge  
  89  7:47  Probe (Chrono Boost)  
  89  7:50  Stalker  
  89  7:51  Assimilator  
  92  7:55  Assimilator  
  92  7:57  Gateway  
  93  7:58  Gateway  
  91  8:06  Gateway  
  91  8:08  Gateway, Stalker  
  93  8:16  Gateway  
  93  8:17  Gateway  
  93  8:20  Probe, Templar Archives  
  94  8:39  Nexus  
  94  8:41  Pylon  
  93  8:42  Observer  
  94  8:50  Zealot x2  
  94  8:53  Pylon  
  94  8:54  Probe, Pylon  
  94  8:55  Probe  
  99  9:02  Stalker x4  
  105  9:04  Probe  
  105  9:05  Pylon  
  105  9:06  Probe  
  105  9:11  Zealot x3  
  111  9:26  High Templar  
  111  9:27  High Templar, Zealot x3, Shield Battery  
  111  9:29  Warp Prism (Chrono Boost)  
  121  9:31  Protoss Ground Weapons Level 2 (Chrono Boost)  
  121  9:37  Probe x3  
  126  9:40  Archon  
  126  9:48  Pylon  
  126  9:49  High Templar x2  
  126  9:51  Zealot x2  
  134  9:56  Archon  
  133  10:03  Zealot x4  
  141  10:09  Probe  
  142  10:15  Zealot x2  
  146  10:23  Zealot x3  
  146  10:24  Zealot x3  
  156  10:42  Zealot x2  
  138  10:45  Zealot x6  
  138  10:48  Probe  
  129  10:53  Probe  
  90  11:04  Zealot x2  
  90  11:05  Zealot x6  
  106  11:12  Gateway  
  106  11:14  Gateway  
  106  11:18  Gateway  
  106  11:25  High Templar x2  
  108  11:26  High Templar x4  
  108  11:27  Zealot x2  
  108  11:28  Probe x3  
  108  11:29  Probe  
  108  11:32  Archon, Protoss Ground Weapons Level 3 (Chrono Boost)  
  126  11:33  Archon x2  
  126  11:50  Probe x2 (Chrono Boost)  
  126  11:51  Zealot x2  
  123  11:55  Probe (Chrono Boost)  
  123  11:56  Probe (Chrono Boost)  
  123  11:58  Zealot x4  
  123  12:00  Probe  
  129  12:05  Zealot x2  
  125  12:14  Zealot x7  
  135  12:19  High Templar x2, Zealot x2  
  144  12:22  Probe  
  144  12:25  Pylon  
  144  12:27  Pylon  
  144  12:28  Archon  
  144  12:35  Warp Prism (Chrono Boost), Zealot x7  
  158  12:46  Pylon  
  158  12:48  Pylon  
  158  12:56  Stalker x9  
  172  13:17  Probe  
  171  13:22  Stalker x7  
  185  13:27  Pylon  
  185  13:30  Nexus  
  177  13:47  Stalker x5  
  177  13:48  Zealot x6  
  199  13:49  Probe  
  199  13:54  Photon Cannon  
  198  13:56  Shield Battery  
  185  14:05  Observer (Chrono Boost)  
  161  14:19  Stalker  
  161  14:20  Stalker x4  
  161  14:22  Zealot x4  
  67  15:03  Stalker x2  
  47  15:34  Probe  
  38  16:25  Zealot  
Show
View Real Time Build Order
Export as new Build Order

PtitDrogo Protoss - Winner!

Build Orders:  

Get SALT Encoding   

  12  0:00  Probe  
  13  0:12  Probe  
  14  0:17  Pylon  
  14  0:24  Probe (Chrono Boost)  
  15  0:36  Probe (Chrono Boost), Gateway  
  16  0:44  Probe (Chrono Boost)  
  16  0:46  Assimilator  
  17  0:51  Probe  
  17  0:54  Assimilator  
  18  1:03  Probe (Chrono Boost)  
  19  1:07  Gateway  
  19  1:12  Probe (Chrono Boost)  
  19  1:17  Probe (Chrono Boost)  
  20  1:23  Cybernetics Core  
  21  1:29  Probe  
  22  1:38  Pylon  
  22  1:41  Probe  
  23  1:56  Probe  
  23  1:59  Warp Gate (Chrono Boost)  
  24  2:01  Stalker  
  24  2:06  Sentry  
  28  2:11  Pylon  
  28  2:28  Pylon  
  28  2:31  Stalker x2  
  32  2:53  Nexus  
  32  2:58  Pylon  
  32  3:02  Probe  
  33  3:09  Sentry x2  
  37  3:15  Probe  
  38  3:21  Gateway  
  38  3:32  Probe  
  39  3:40  Adept x2  
  43  3:44  Probe  
  44  3:53  Stargate  
  44  4:00  Probe  
  45  4:14  Probe  
  44  4:17  Adept x2  
  44  4:18  Stalker  
  44  4:19  Probe  
  51  4:26  Probe  
  52  4:32  Probe  
  53  4:43  Oracle (Chrono Boost)  
  53  4:46  Probe  
  53  4:47  Probe  
  53  4:49  Adept x3  
  62  5:00  Probe x2 (Chrono Boost)  
  60  5:07  Pylon  
  60  5:11  Pylon  
  60  5:12  Probe x2 (Chrono Boost)  
  62  5:25  Probe x2, Oracle, Twilight Council  
  66  5:31  Forge  
  66  5:32  Shield Battery  
  66  5:42  Probe x2  
  62  5:43  Adept x2  
  66  5:54  Probe x2  
  68  5:59  Pylon  
  68  6:00  Assimilator, Protoss Ground Weapons Level 1  
  68  6:04  Nexus  
  68  6:07  Charge (Chrono Boost)  
  68  6:08  Pylon  
  68  6:11  Probe  
  68  6:15  Probe  
  70  6:20  Assimilator  
  70  6:25  Robotics Facility  
  70  6:29  Shield Battery  
  70  6:30  Probe x2  
  72  6:42  Probe x2 (Chrono Boost)  
  74  6:51  Pylon  
  74  6:53  Probe (Chrono Boost)  
  75  6:56  Probe (Chrono Boost)  
  75  6:57  Probe (Chrono Boost)  
  75  6:59  Pylon  
  77  7:02  Gateway x2  
  77  7:05  Probe, Gateway  
  77  7:07  Gateway  
  77  7:08  Adept  
  80  7:09  Adept  
  80  7:28  Adept  
  80  7:29  Probe  
  80  7:34  Stalker  
  80  7:36  Probe  
  81  7:40  Probe  
  81  7:41  Probe  
  81  7:44  Immortal (Chrono Boost)  
  81  7:45  Gateway x2  
  81  7:48  Probe  
  81  7:49  Protoss Ground Weapons Level 2 (Chrono Boost)  
  84  7:52  Probe  
  84  7:53  Probe  
  86  7:59  Shield Battery  
  86  8:00  Probe  
  86  8:04  Probe  
  86  8:05  Probe  
  89  8:07  Zealot x3, Templar Archives  
  95  8:15  Zealot  
  95  8:16  Zealot x2, Observer  
  95  8:17  Probe x2  
  105  8:22  Assimilator  
  105  8:23  Pylon, Assimilator  
  105  8:32  Zealot x3  
  109  8:39  Probe  
  110  8:45  High Templar x2  
  110  8:46  High Templar x2  
  118  8:50  Archon  
  118  8:51  Archon  
  118  8:54  Immortal (Chrono Boost)  
  116  8:57  Pylon  
  116  9:02  High Templar x2  
  120  9:03  Pylon, Zealot  
  120  9:04  Pylon  
  120  9:05  Pylon  
  120  9:07  Archon  
  118  9:12  Nexus  
  118  9:15  Probe x2  
  118  9:16  Probe  
  121  9:23  Warp Prism (Chrono Boost)  
  121  9:29  High Templar x2  
  121  9:30  Zealot x2  
  130  9:33  Archon  
  130  9:36  Photon Cannon  
  130  9:38  Zealot  
  132  9:39  Zealot  
  134  9:45  High Templar  
  134  9:46  High Templar  
  134  9:49  Pylon, Shield Battery  
  134  9:50  Archon  
  134  9:52  Probe x2  
  140  9:55  Protoss Ground Weapons Level 3 (Chrono Boost)  
  138  10:07  Zealot x2  
  138  10:10  Zealot x3  
  146  10:15  Zealot  
  146  10:19  High Templar x2  
  152  10:23  High Templar x2  
  152  10:28  Probe, Archon  
  150  10:29  Probe x3  
  150  10:40  Probe  
  150  10:41  Probe  
  150  10:42  Zealot x6  
  126  10:50  Probe x2  
  126  10:53  Probe  
  103  10:57  Zealot x2  
  95  11:06  Probe x4  
  95  11:10  High Templar x4  
  95  11:11  High Templar  
  109  11:12  High Templar  
  109  11:15  Archon x2  
  109  11:18  Probe x2, Archon  
  109  11:23  Shield Battery  
  109  11:25  Zealot x2  
  110  11:28  Photon Cannon  
  110  11:30  Gateway, Shield Battery  
  110  11:33  Shield Battery  
  110  11:36  Photon Cannon  
  110  11:44  Zealot  
  110  11:45  Zealot x5  
  122  11:49  Stalker x2  
  110  12:04  Stalker  
  110  12:05  Zealot x5  
  121  12:12  Probe  
  119  12:16  Dark Shrine  
  119  12:19  Probe  
  119  12:20  Probe x2  
  119  12:21  Warp Prism (Chrono Boost)  
  122  12:24  Probe  
  122  12:27  High Templar x6  
  122  12:28  Zealot x2  
  141  12:31  Probe, Blink (Chrono Boost), Zealot  
  141  12:32  Protoss Ground Armor Level 1 (Chrono Boost), Archon  
  141  12:33  Archon x2  
  144  12:47  Pylon  
  144  12:48  Pylon  
  144  12:49  Pylon  
  144  12:51  Probe, Pylon  
  140  12:52  Probe x2  
  140  12:57  Zealot  
  140  12:58  Zealot x2  
  148  13:09  Nexus  
  148  13:12  Pylon  
  148  13:17  Zealot x6  
  160  13:26  Zealot x3  
  164  13:37  Dark Templar x4  
  160  13:41  Dark Templar x2  
  160  13:46  Zealot x3  
  170  13:50  Probe, Shield Battery  
  170  13:54  Probe x2  
  161  14:08  Zealot x4  
  149  14:19  Zealot x5  
  111  14:32  Dark Templar x4  
  107  14:40  Zealot x5  
  106  14:49  Probe  
  99  15:03  High Templar x5  
  99  15:04  Zealot x4  
  116  15:08  Archon x2  
  78  15:31  Stalker x4  
  81  15:40  Zealot x5  
  80  15:45  Probe, Gateway  
  80  15:48  Gateway  
  75  15:51  Zealot  
  75  15:56  Photon Cannon  
  75  15:57  Probe  
  75  15:58  Gateway, Photon Cannon  
  75  16:01  Gateway  
  75  16:02  Zealot x4  
  83  16:09  Probe, Archon  
  77  16:14  Zealot  
  77  16:15  Zealot x2  
  76  16:21  Probe  
  73  16:26  Zealot x4  
  81  16:36  Zealot x2  
  80  16:40  Zealot  
Tags
 
Add a new tag
Caveats
  • Supply blocks, unpowered buildings, or Contaminate may cause inaccurate times.
  • Supply counts are checked every 10 seconds.